AoeStats
← Pixu

Black Forest

508134651Analyzed
4v4 RM · 11d ago on Sep 21, 2026· 47m 5s· 8 players
Game mode
Random Map
Map size
Large (8 player)
Population
200
Speed
Normal
Resources
Standard
Victory
Conquest
Starting age
Dark Age
Ending age
Imperial Age
RankedLock teamsTeams togetherTeam positionsShared explorationLock speedFull tech treeHidden civsTurbo modeCheats
Victory
Defeat
🇨🇱 Italians · Chile
1097
+14
🇨🇦 Malians · Canada
1094
+15
🇺🇸 Britons · United States
1084
+15
🇲🇽 Burgundians · Mexico
1033
+17
🇨🇱 Mongols · Chile
1116
-17
🇨🇱 Koreans · Chile
1082
-16
🇨🇱 Italians · Chile
1034
-14
🇨🇱 Bulgarians · Chile
1018
-14
LCsLA Skoll
9:57 Feudal Age
16:08 Castle Age
14:32 Double-Bit Axe
19:14 Horse Collar
24:16 Stone Mining
25:15 Bow Saw
25:07 Heavy Plow
28:51 Imperial Age
28:04 Gold Mining
30:39 Chemistry
29:46 Siege Engineers
30:27 Conscription
29:33 Elite Mangudai
31:47 Wheelbarrow
32:02 Gold Shaft Mining
32:05 Stone Shaft Mining
32:23 Onager
34:44 Hand Cart
34:15 Town Watch
35:11 Husbandry
35:21 Bloodlines
35:39 Parthian Tactics
35:19 Thumb Ring
35:33 Fletching
36:07 Town Patrol
36:36 Padded Archer Armor
36:31 Bodkin Arrow
37:02 Bracer
37:17 Leather Archer Armor
40:25 Loom
41:49 Siege Onager
43:25 Capped Ram
45:05 Drill
45:53 Siege Ram
Pixu
12:22 Feudal Age
13:18 Horse Collar
13:24 Double-Bit Axe
15:32 Loom
20:03 Castle Age
21:28 Bow Saw
21:26 Stone Mining
25:38 Wheelbarrow
28:34 Pikeman
31:01 Elite Skirmisher
32:32 Forging
32:28 Scale Barding Armor
32:21 Gambesons
32:37 Squires
34:28 Stone Shaft Mining
33:55 Gold Mining
43:07 Imperial Age
44:19 Hand Cart
43:51 Light Cavalry
44:42 Bloodlines
45:30 Hussar
LavMani
0:34 Loom
26:16 Feudal Age
29:57 Castle Age
28:26 Fletching
31:06 Bodkin Arrow
32:24 Double-Bit Axe
37:51 Gold Mining
41:12 Imperial Age
39:54 Eupseong
41:53 Bracer
abramix12
2:35 Loom
15:32 Feudal Age
19:30 Double-Bit Axe
22:49 Castle Age
22:57 Horse Collar
23:34 Forging
23:29 Padded Archer Armor
23:47 Bow Saw
26:19 Stone Mining
26:37 Heavy Plow
29:00 Stone Shaft Mining
31:01 Pikeman
32:26 Iron Casting
32:10 Leather Archer Armor
46:20 Wheelbarrow
46:40 Fletching
48:02 Wheelbarrow
BallonPrince5
0:53 Loom
13:39 Feudal Age
14:18 Double-Bit Axe
17:19 Castle Age
16:34 Fishing Lines
18:29 Bow Saw
22:14 Wheelbarrow
22:47 Town Watch
23:28 Hand Cart
25:02 Gillnets
24:57 Horse Collar
26:28 Heavy Plow
30:46 Imperial Age
28:31 Gold Mining
29:02 Scale Mail Armor
29:13 Forging
29:07 Squires
28:54 Arson
29:07 Stone Mining
30:35 Gold Shaft Mining
31:14 Stone Shaft Mining
31:26 Chain Mail Armor
31:19 Town Patrol
32:31 Crop Rotation
32:37 Plate Mail Armor
32:33 Fervor
32:44 Sanctity
33:08 Iron Casting
34:53 Scale Barding Armor
34:25 Man-at-Arms
35:19 Long Swordsman
35:55 Fletching
36:30 Conscription
36:13 Farimba
36:25 Two-Handed Swordsman
37:46 Hoardings
37:49 Tigui
38:14 Ballistics
38:55 Chemistry
38:06 Masonry
37:36 Treadmill Crane
39:41 Scale Barding Armor
39:20 Light Cavalry
40:11 Bloodlines
40:02 Husbandry
39:23 Heavy Camel Rider
40:07 Champion
40:52 Pikeman
42:10 Chain Barding Armor
43:25 Plate Barding Armor
44:49 Coinage
44:30 Guilds
45:11 Bodkin Arrow
47:02 Architecture
46:28 Murder Holes
46:23 Guard Tower
EMPANADADEPICOQUESO
4:43 Loom
14:19 Feudal Age
19:49 Castle Age
24:01 Imperial Age
23:37 Horse Collar
23:45 Double-Bit Axe
23:55 Gold Mining
25:44 Chemistry
25:15 Padded Archer Armor
25:38 Ballistics
33:44 Leather Archer Armor
37:41 Thumb Ring
42:31 Ring Archer Armor
42:15 Heavy Plow
42:32 Bow Saw
42:18 Elite Skirmisher
42:55 Fletching
45:34 Bodkin Arrow
Pogi_Ender
5:12 Loom
10:40 Feudal Age
16:04 Castle Age
14:35 Double-Bit Axe
18:50 Fletching
22:17 Fishing Lines
23:53 Gillnets
24:58 Wheelbarrow
24:11 Town Watch
25:28 Gold Mining
28:04 Gold Shaft Mining
28:24 Horse Collar
28:58 Bow Saw
32:03 Imperial Age
29:41 Stone Mining
30:38 Ballistics
30:16 Bodkin Arrow
30:22 Padded Archer Armor
30:42 Town Patrol
31:00 Heavy Plow
31:30 Hand Cart
31:06 Treadmill Crane
31:33 Crossbowman
32:31 Leather Archer Armor
33:23 Bracer
33:54 Ring Archer Armor
35:00 Two-Man Saw
35:14 Chemistry
33:55 Treadmill Crane
33:57 Elite Longbowman
34:57 Yeomen
34:59 Conscription
35:33 Arbalester
36:18 Scale Mail Armor
36:28 Forging
36:42 Masonry
39:03 Iron Casting
38:44 Chain Mail Armor
39:02 Architecture
38:28 Murder Holes
40:11 Siege Engineers
40:28 Capped Ram
danny dillinger
0:33 Loom
17:01 Feudal Age
23:23 Horse Collar
24:10 Fishing Lines
25:27 Fletching
26:59 Double-Bit Axe
30:00 Bow Saw
32:01 Castle Age
33:49 Bodkin Arrow
37:32 Two-Man Saw
36:40 Gillnets
37:45 Gold Mining
37:47 Stone Mining
38:46 Scale Barding Armor
38:52 Forging
41:06 Town Watch
41:28 Caravan
42:59 Chain Barding Armor
43:14 Iron Casting
47:02 Imperial Age
47:05 Gold Shaft Mining
47:06 Stone Shaft Mining
47:47 Ballistics
47:23 Murder Holes
47:39 Fortified Wall
47:34 Scale Mail Armor
47:35 Padded Archer Armor
Connection lost

Rejoining the realm…

Still unreachable

The connection could not be restored.

Session expired

The server has moved on; the page needs a fresh start.